 Dungeon Crawl Stone Soup version 0.19.0 (webtiles) character file.

179 Ryco the Chopper (level 5, -2/47 HPs)
             Began as a Minotaur Berserker on Nov 7, 2016.
             Was a Believer of Trog.
             Slain by an orc
             ... wielding a +0 dagger
              (3 damage)
             ... on level 4 of the Dungeon.
             The game lasted 00:05:17 (669 turns).

Ryco the Chopper (Minotaur Berserker)                Turns: 669, Time: 00:05:19

Health: -2/47      AC:  3    Str: 22    XL:     5   Next: 33%
Magic:  4/4        EV: 12    Int:  4    God:    Trog [**....]
Gold:   17         SH:  0    Dex: 10    Spells: 0 memorised, 4 levels left

rFire  . . .     SeeInvis .     a - +0 hand axe
rCold  . . .     Gourm    .     m - +0 animal skin
rNeg   . . .     Faith    .     (no shield)
rPois  .         Spirit   .     (helmet restricted)
rElec  .         Reflect  .     d - +0 cloak
rCorr  .         Harm     .     (no gloves)
MR     ++...                    (no boots)
Stlth  +.........               (no amulet)
                                (no ring)
                                (no ring)

@: exhausted, flying, regenerating, slowed, very slow
A: retaliatory headbutt, horns 2
a: Berserk, Trog's Hand, Burn Spellbooks, Renounce Religion


You were on level 4 of the Dungeon.
You worshipped Trog.
Trog was pleased with you.
You were not hungry.

You visited 1 branch of the dungeon, and saw 4 of its levels.

You collected 17 gold pieces.

Inventory:

Hand Weapons
 a - a +0 hand axe (weapon)
 b - a +0 hand crossbow
Armour
 d - a +0 cloak (worn)
 m - a +0 animal skin (worn)
Jewellery
 n - a +3 ring of protection {unknown}
Scrolls
 f - 4 scrolls of identify {unknown}
 g - a scroll of magic mapping {unknown}
 k - 2 scrolls of remove curse {unknown}
 l - a scroll of enchant armour {unknown}
Potions
 e - a potion of flight
 i - a potion of brilliance {unknown}
 j - a potion of curing {unknown}
Comestibles
 c - a bread ration
 h - a meat ration


   Skills:
 + Level 4.8 Fighting
 * Level 6.3 Axes
 + Level 2.6 Armour
 + Level 2.4 Dodging


You had 4 spell levels left.
You didn't know any spells.

Dungeon Overview and Level Annotations

Branches:
Dungeon (4/15)
 Temple: D:4-7

Altars:
Nemelex Xobeh
Qazlal


Innate Abilities, Weirdness & Mutations

You reflexively headbutt those who attack you in melee.
You have a pair of horns on your head.


Message History

The orc hits you with a dagger.
* * * LOW HITPOINT WARNING * * *
The orc wizard hits you but does no damage.
The orc hits you with a hand axe.
* * * LOW HITPOINT WARNING * * *
Your skin crawls.
You feel resistant to hostile enchantments.
You feel somewhat more hungry. The orc closely misses you.
The orc wizard gestures at you while chanting.
The puff of flame hits you!
* * * LOW HITPOINT WARNING * * *
The orc misses you. The orc hits you but does no damage.
It was a potion of flight.
You feel very buoyant.
You fly up into the air.
The orc wizard gestures wildly while chanting.
The orc wizard seems to speed up.
The orc hits you with a hand axe.
* * * LOW HITPOINT WARNING * * *
The orc hits you with a dagger.
You die...

........ ...... #.....
#....# #....# #####....#
....>.o..########
%.....o@.........
##...#o.......... #..
#...........
#...#...###############
#......................
.................#######
...........).....#
......##.........#
...... #.........# ###


You could see an orc wizard and 2 orcs.

Vanquished Creatures
  An ogre (D:4)
  Robin (D:2)
  3 adders
  An ooze (D:2)
  A worm (D:2)
  A leopard gecko (D:1)
  A ball python (D:2)
  11 goblins
  7 hobgoblins
  5 jackals (D:1)
  A kobold (D:1)
  A quokka (D:2)
  7 bats
  8 rats
49 creatures vanquished.

Notes
Turn   | Place    | Note
-------+----------+-------------------------------------------
     0 | D:1      | Ryco the Minotaur Berserker began the quest for the Orb.
     0 | D:1      | Reached XP level 1. HP: 19/19 MP: 0/0
    86 | D:2      | Reached skill level 4 in Axes
   138 | D:2      | Noticed Robin
   146 | D:2      | Reached XP level 2. HP: 24/27 MP: 1/1
   156 | D:2      | Reached XP level 3. HP: 33/33 MP: 2/2
   161 | D:2      | Killed Robin
   161 | D:2      | Reached ** piety under Trog
   161 | D:2      | Reached skill level 5 in Axes
   202 | D:2      | Found a stormy altar of Qazlal.
   239 | D:1      | Found a sparkling altar of Nemelex Xobeh.
   382 | D:1      | Reached XP level 4. HP: 33/40 MP: 3/3
   643 | D:4      | Noticed an ogre
   650 | D:4      | Killed an ogre
   650 | D:4      | Reached skill level 6 in Axes
   650 | D:4      | Reached XP level 5. HP: 45/47 MP: 4/4
   669 | D:4      | HP: 1/47 [orc/hand axe (5)]
   669 | D:4      | Slain by an orc

Skill      XL: |  1  2  3  4 |
---------------+-------------+-----
Axes           | 4 5 6 |  6.3
Fighting       | 4 |  4.8
Armour         | |  2.6
Dodging        | |  2.4

Action                   |  1- 3 |  4- 6 || total
-------------------------+-------+-------++-------
Melee: Hand axe          |    50 |    33 ||    83
       Headbutt          |     8 |     8 ||    16
Invok: Berserk           |     1 |     1 ||     2
       Trog's Hand       |       |     1 ||     1
  Use: Potion            |       |     1 ||     1
 Stab: Sleeping          |     1 |       ||     1
  Eat: Beef jerky        |       |     1 ||     1
Armor: Animal skin       |    14 |     6 ||    20
Dodge: Dodged            |    32 |    26 ||    58
